Map: Paladino Terminal LE

Players

Musumeci

  • Race: Zerg Zerg
  • League: Diamond
  • Spawn Location: 9:00

TooFasTv - Winner!

  • Race: Zerg Zerg
  • League: Diamond
  • Spawn Location: 5:00

VOD

Have the link to the VOD?

Description

Time

  • Played on: Feb. 11, 2017, 2:30 p.m.
  • Length: 3:42
Show
View Real Time Build Order
Export as new Build Order

Musumeci Zerg 

Build Orders: Pool First 

Get SALT Encoding   

  12  0:01  Drone  
  13  0:08  Drone  
  14  0:15  Drone, Extractor  
  15  0:35  Spawning Pool  
  14  0:52  Overlord  
  14  1:07  Hatchery  
  13  1:22  Zergling x6  
  16  1:39  Zergling x2  
  17  1:52  Hatchery  
  16  2:08  Zergling x6  
  19  2:19  Zergling x2  
  19  2:34  Zergling x2  
  19  2:35  Zergling x2  
  16  2:59  Zergling x4  
  17  3:06  Zergling x2  
  19  3:19  Zergling x2  
Show
View Real Time Build Order
Export as new Build Order

TooFasTv Zerg - Winner!

Build Orders: Pool Only 

Get SALT Encoding   

  12  0:00  Drone  
  13  0:08  Drone  
  14  0:16  Drone, Extractor  
  15  0:29  Extractor  
  15  0:35  Spawning Pool  
  13  0:38  Drone  
  14  0:46  Overlord  
  14  0:56  Extractor  
  14  0:57  Drone  
  15  1:07  Drone x2  
  17  1:22  Zergling x2  
  17  1:23  Queen, Zergling x2  
  21  1:35  Spine Crawler  
  20  1:43  Baneling Nest  
  19  1:48  Zergling x2  
  19  1:50  Zergling x2  
  21  1:58  Metabolic Boost  
  21  2:03  Zergling x2  
  22  2:11  Overlord  
  22  2:19  Overlord  
  22  2:29  Baneling x2  
  22  2:30  Zergling x2  
  22  2:34  Zergling x2  
  22  2:36  Zergling x2  
  23  2:41  Zergling x2  
  24  2:47  Zergling x2  
  26  2:51  Zergling x2  
  25  3:03  Zergling x2  
  25  3:05  Queen  
  26  3:11  Baneling x3  
  28  3:16  Zergling x2  
  29  3:23  Zergling x2  
Tags
 
Add a new tag
Caveats
  • Supply blocks, unpowered buildings, or Contaminate may cause inaccurate times.
  • Supply counts are checked every 10 seconds.